[Event "*** Titled Tuesday Blitz"]
[Site "Chess.com"]
[Date "2019.06.04"]
[Round "5"]
[White "MishkaFighter"]
[Black "NateSolon"]
[Result "0-1"]
[WhiteElo "2363"]
[BlackElo "2489"]
[TimeControl "180+2"]
[EndTime "14:08:35 PDT"]
[Termination "NateSolon won by checkmate"]

1. Nf3 d5 2. g3 c6 3. Bg2 Bg4 4. c4 Nd7 5. O-O Bxf3 6. Bxf3 Ne5 7. cxd5 Nxf3+ 8. exf3 Qxd5 9. Nc3 Qd3 10. Qb3 Rb8 11. Re1 e6 12. Re3 Qd7 13. d4 Qxd4 14. Re4 Qb6 15. Qa4 Nf6 16. Re2 a6 17. Bf4 Rd8 18.
Qc4 Be7 19. Rae1 Qb4 20. Qxb4 Bxb4 21. Be5 O-O 22. a3 Be7 23. Kg2 Nd5 24. Ne4 c5 25. Rc2 b6 26. f4 Rd7 27. Rb1 Rc8 28. Rbc1 f6 29. Bc3 Rdc7 30. Bd2 Kf7 31. Kf3 b5 32. Be3 c4 33. Bd4 Rc6 34. g4 f5 35. Ng3 g6 36. g5 Bd6 37. Be5 Bxe5 38. fxe5 Ne7 39. Ne2 Rc5 40. b3 Nc6 41. bxc4 Nxe5+ 42. Kf4 Rxc4+ 43.
Rxc4 Nxc4 44. Kg3 Rd8 45. a4 Rd3+ 46. f3 e5 47. axb5 axb5 48. Rb1 Nd6 49. Kf2 Ke6 50. Nc1 Rd2+ 51. Ke1 Rxh2 52. Ra1 h6 53. Ra6 hxg5 54.
Nd3 Rc2 55. Nb4 Rc4 56. Nc6 e4 57. Ra7 Rxc6 58. Rh7 exf3 59. Kf2 g4 60. Kg3 Ne4+ 61. Kf4 f2 62. Rh1 Rc3 63. Rh3 f1=Q+ 64. Rf3 Qxf3# 0-1

[Event "*** Titled Tuesday Blitz"]
[Site "Chess.com"]
[Date "2019.06.04"]
[Round "5"]
[White "Angry_Twin"]
[Black "Vuk2000"]
[Result "1/2-1/2"]
[WhiteElo "2806"]
[BlackElo "2735"]
[TimeControl "180+2"]
[EndTime "14:08:38 PDT"]
[Termination "Game drawn - insufficient material"]

1. e4 d5 2. exd5 Qxd5 3. Nc3 Qd6 4. d4 Nf6 5. Nf3 c6 6. Ne5 Nbd7 7. Nc4 Qc7 8. a4 g6 9. a5 Bg7 10. Be2 O-O 11. O-O Nd5 12. Ne4 e5 13. dxe5 Nxe5 14. Ncd6 f5 15. Nxc8 fxe4 16. c4 Raxc8 17. cxd5 Rcd8 18.
Be3 Rxd5 19. Qb3 Nd3 20. Bxa7 Nxb2 21. Rab1 Nd3 22. Bb6 Qf7 23. f3 Rd7 24. Qxf7+ Rfxf7 25. fxe4 Rxf1+ 26. Bxf1 Ne5 27. Bc5 Bh6 28. h3 Bf8 29.
Be3 Bd6 30. Be2 Kg7 31. Bd4 Bc7 32. Rxb7 Rxd4 33. Rxc7+ Kf6 34. a6 Rxe4 35. a7 Ra4 36. Rxh7 Ke6 37. Rb7 Kd6 38. Kf2 Nd7 39. Bf3 Ne5 40. Be4 Nd7 41. Bxg6 Nc5 42. Rg7 Ne6 43. Rb7 Nc5 44. Rf7 Ne6 45. Bh5 Nc7 46. Bf3 Rxa7 47. Rf6+ Ne6 48. Bg4 Ra2+ 49. Ke1 Ra1+ 50. Kd2 Ra2+ 51.
Kc1 Rxg2 52. Rxe6+ Kd5 53. Re8 Rh2 54. Kd1 c5 55. Ke1 c4 56. Kf1 c3 57. Bf3+ Kd4 58. Bg2 c2 59. Rc8 Kd3 60. Kg1 Rxh3 61. Bxh3 Kd2 62. Rd8+ Kc3 63. Rc8+ Kd2 64. Rxc2+ Kxc2 1/2-1/2

[Event "*** Titled Tuesday Blitz"]
[Site "Chess.com"]
[Date "2019.06.04"]
[Round "5"]
[White "1g41-0"]
[Black "ChessWarrior7197"]
[Result "0-1"]
[WhiteElo "2506"]
[BlackElo "2844"]
[TimeControl "180+2"]
[EndTime "14:08:46 PDT"]
[Termination "ChessWarrior7197 won by resignation"]

1. e4 c5 2. Nf3 d6 3. d4 cxd4 4. Nxd4 Nf6 5. Nc3 a6 6. Bg5 e6 7. f4 h6 8. Bh4 Qb6 9. a3 Be7 10. Bf2 Qc7 11. Qf3 Nbd7 12. O-O-O b5 13. g4 Bb7 14. Kb1 Rc8 15. Bg2 g5 16. h4 gxf4 17. g5 Ne5 18. Qxf4 hxg5 19. hxg5 Rxh1 20. Rxh1 Nfd7 21. Rh8+ Nf8 22. Rg8 Ng6 23. Qg4 Qc4 24. Qe2 Qxe2 25. Ncxe2 Bxg5 26. Bh3 Ke7 27. Nf5+ exf5 28.
exf5 Be4 29. f6+ Kd8 30. Bb6+ Rc7 31. Nd4 Bxf6 32. Nf5 Bxc2+ 33. Ka2 Be5 34. Ne3 Be4 35. b4 d5 36. Nf5 d4 37. Nxd4 Bxd4 38. Bxd4 Rc2+ 39.
Kb3 Rd2 40. Bf6+ Ke8 41. Bg4 Bd5+ 42. Kc3 Rf2 43. Bd4 Rg2 44. Bf5 Nf4 45. Bg7 Rxg7 46. Rxg7 Ke7 47. Rg8 N4e6 48. Rg1 Kf6 49. Bc2 Ke5 50.
Re1+ Kd6 51. Rf1 Nc7 52. Rf6+ Be6 53. Rh6 Nd7 54. Kd4 Ne5 55. Be4 Nc4 56. Rh8 Nxa3 57. Rd8+ Ke7 58. Rh8 Nc4 59. Kc5 Nd6 60. Bg2 Kd7 61.
Bc6+ Ke7 62. Rh2 Nc4 63. Rh8 Bd7 64. Bxd7 Kxd7 65. Rh7 Ne6+ 66. Kd5 Nb6+ 67. Ke5 Ke7 68. Rh1 f6+ 69. Kf5 Nd4+ 70. Ke4 Nc6 71. Rh7+ Kd6 72. Rb7 Nd5 73. Rf7 Ncxb4 74. Rf8 a5 75. Rd8+ Kc5 76. Rc8+ Nc6 77. Kf5 Ne7+ 78. Kxf6 Nxc8 0-1

[Event "*** Titled Tuesday Blitz"]
[Site "Chess.com"]
[Date "2019.06.04"]
[Round "5"]
[White "levallem"]
[Black "pedro_gines"]
[Result "0-1"]
[WhiteElo "2272"]
[BlackElo "2389"]
[TimeControl "180+2"]
[EndTime "14:08:47 PDT"]
[Termination "pedro_gines won by resignation"]

1. d4 Nf6 2. c4 d6 3. Nc3 e5 4.
dxe5 dxe5 5. Qxd8+ Kxd8 6. e4 c6 7. f3 Kc7 8. Bd3 Be6 9. Nge2 a5 10. Be3 Na6 11. b3 Bc5 12. Bxc5 Nxc5 13. O-O-O a4 14. Bc2 Nfd7 15. Kb2 Nb6 16. Nc1 h5 17. Nd3 Nbd7 18. Nxc5 Nxc5 19. Rd2 h4 20. h3 a3+ 21. Kc1 Rh5 22. Nd1 Rah8 23. Ne3 Rg5 24. Rhd1 g6 25. Bb1 Rg3 26. Kc2 Bc8 27. Kc3 Ne6 28. Nc2 Rh5 29. Rf2 Rhg5 30. Rdd2 Nf4 31. Ne3 Be6 32. Bd3 Bc8 33. Bf1 Ne6 34. Nc2 Nc5 35. Nxa3 Nxe4+ 36. Kc2 Nxf2 37. Rxf2 Bf5+ 38. Kd2 Be6 39. Nc2 Rf5 40. Ne3 Rf4 41. Bd3 Rg5 42. Ng4 Rd4 43. Kc3 Kd6 44.
Nxe5 Rf4 45. Ng4 Bxg4 46. hxg4 Rgxg4 47. Be4 Rg3 48. Rd2+ Ke7 49. Kb4 f5 50. Bc2 h3 51.
gxh3 Rxh3 52. Bd1 Rh1 53. Kc5 Kf6 54. Kb6 Rh7 55. a4 g5 56. Rd6+ Ke5 57. Rd8 g4 58.
fxg4 fxg4 59. Rg8 Rh3 60. Kxb7 Rd3 61. Bxg4 Rxb3+ 62. Kxc6 Rxc4+ 63. Kd7 Rb7+ 64. Kd8 Rb8+ 65. Kd7 Rxg8 66. Be6 Rg7+ 67. Kd8 Kxe6 0-1

[Event "*** Titled Tuesday Blitz"]
[Site "Chess.com"]
[Date "2019.06.04"]
[Round "5"]
[White "IakovUlivar"]
[Black "csati17"]
[Result "0-1"]
[WhiteElo "2478"]
[BlackElo "2513"]
[TimeControl "180+2"]
[EndTime "14:08:47 PDT"]
[Termination "csati17 won by resignation"]

1. d4 Nf6 2. Nf3 b6 3. c4 Bb7 4. Nc3 e6 5. a3 d5 6. Bg5 Be7 7. Qa4+ Nbd7 8. Bxf6 Bxf6 9. cxd5 exd5 10. g3 O-O 11. Bg2 Re8 12. O-O Nf8 13. Rfd1 Qd6 14. Rac1 a6 15. b4 h5 16. h4 c6 17. Qb3 a5 18. b5 a4 19. Qa2 Ng6 20. e3 Be7 21. Ra1 Rec8 22. Ne1 cxb5 23. Nxb5 Qd7 24. Rab1 Rc4 25.
Bf1 Rac8 26. Bxc4 dxc4 27. Nc3 Nxh4 28. gxh4 Rc6 29. Kf1 Bxh4 30. Ke2 Rf6 31. Rd2 Qg4+ 32. Kf1 Rg6 33. d5 Qg1+ 34. Ke2 Qxf2+ 35. Kd1 Qxe1+ 36. Kc2 Qxe3 37. Rbd1 Bf6 38. Qxc4 Rg3 39. Rd3 Rg2+ 40. R1d2 Qg1 41. Rxg2 Qxg2+ 42. Rd2 Qg6+ 43. Qd3 Qg4 44. d6 Qd7 45. Qb5 Be4+ 46. Kc1 Qh3 47. Nxe4 Qh1+ 48.
Rd1 Qxe4 49. d7 Qe3+ 50. Rd2 Qxa3+ 51. Kd1 Qa1+ 52. Ke2 Bd8 53. Qc6 Qe5+ 54. Kd3 a3 55. Re2 Qf5+ 56. Kd2 a2 57. Re8+ Kh7 58. Rxd8 a1=Q 59.
Rh8+ Kxh8 60. d8=Q+ Kh7 61. Qd3 Qb2+ 62. Qcc2 Qxc2+ 63. Kxc2 Qxd3+ 64. Kxd3 h4 0-1

[Event "*** Titled Tuesday Blitz"]
[Site "Chess.com"]
[Date "2019.06.04"]
[Round "5"]
[White "quesfr"]
[Black "nitpicker"]
[Result "1-0"]
[WhiteElo "2172"]
[BlackElo "2199"]
[TimeControl "180+2"]
[EndTime "14:08:48 PDT"]
[Termination "quesfr won on time"]

1. e4 d5 2. exd5 Qxd5 3. Nc3 Qd8 4. d4 Nf6 5. Nf3 c6 6. Bg5 Bf5 7. Bxf6 gxf6 8. Bd3 Bg6 9. Qe2 e6 10. O-O-O Nd7 11. d5 cxd5 12. Nxd5 a6 13. Rhe1 Qa5 14. Kb1 O-O-O 15. Nf4 Bb4 16. c3 Be7 17. h4 Nc5 18.
Bc2 Na4 19. Nxg6 hxg6 20. Qc4+ Nc5 21. b4 Qb6 22. Ka1 Kb8 23. bxc5 Bxc5 24. Be4 Qb5 25. Qxb5 axb5 26. Rxd8+ Rxd8 27. Re2 Ba3 28. Rd2 Rc8 29.
Nd4 Rxc3 30. Nxb5 Rc1+ 31. Bb1 Bb4 32. Rd8+ Rc8 33. Rxc8+ Kxc8 34. Kb2 Kd7 35. Kb3 Be1 36. f3 Bxh4 37. Be4 b6 38. Kc4 f5 39. Bd3 Bf2 40.
a4 Kc6 41. Na7+ Kb7 42. Nb5 Kc6 43. Nc3 Be3 44. Na2 Bd2 45. Nb4+ Kc7 46. Kb5 g5 47.
Nc2 Bc3 48. Na3 Bd4 49. Nc4 Bf2 50. Ne5 f6 51. Ng6 Kd6 52. Bc4 g4 53. Nf8 gxf3 54. gxf3 e5 55. Bd3 e4 56. fxe4 fxe4 57. Bxe4 Ke5 58.
Bc6 f5 59. Ng6+ Kf6 60. Nf4 Bg1 61. Nd5+ Ke5 62. Nxb6 Kd6 63. a5 f4 64. a6 1-0

[Event "*** Titled Tuesday Blitz"]
[Site "Chess.com"]
[Date "2019.06.04"]
[Round "5"]
[White "Chebure"]
[Black "Keithonsky"]
[Result "1-0"]
[WhiteElo "2801"]
[BlackElo "2503"]
[TimeControl "180+2"]
[EndTime "14:08:54 PDT"]
[Termination "Chebure won by resignation"]

1. e4 e6 2. d3 d5 3. Nd2 Nc6 4. Ngf3 Nf6 5. g3 dxe4 6. dxe4 e5 7. Bg2 Bc5 8. O-O O-O 9. c3 a5 10. a4 Qe7 11. Qe2 Rd8 12. Nb3 Bb6 13. h3 Be6 14. Nbd2 Qd7 15. Ng5 h6 16. Nxe6 Qxe6 17. Nc4 Bc5 18.
Kh2 Ne7 19. f4 Nc6 20. fxe5 Nxe5 21. Nxe5 Qxe5 22. Bf4 Qe7 23. Rad1 c6 24. Qc4 Nd7 25.
Qb3 b6 26. e5 Rac8 27. Rde1 Nf8 28. Qc4 Qe6 29. Qe4 Qb3 30. Re2 Ne6 31. Bc1 Rd1 32.
Ree1 Rxe1 33. Rxe1 g6 34. Bxh6 Qxb2 35. Qf3 Qf2 36. Qe4 Qa2 37. Rf1 b5 38. axb5 cxb5 39. Qb7 Rc7 40. Qxb5 Bf8 41. Qe8 Re7 42. Qa8 a4 43. Rf6 Qa3 44. c4 Rd7 45. Qe8 Qe7 46.
Qa8 Rd8 47. Bxf8 Qxf8 48. Qxa4 Qc5 49. Qb5 Qe3 50. Rf3 Qe2 51. Qb7 Ng5 52. Rf4 Rd2 53. h4 Ne6 54. Qxf7+ Kh8 55. Qe8+ Kh7 56. Rf7+ Ng7 57.
Qc6 Qxe5 58. Qf3 Rd6 59. Qg4 Rd4 60. Rf4 Rxf4 61. Qxf4 Qxf4 62. gxf4 Nf5 63. c5 Kg7 64. c6 Kf7 65. c7 Nd6 66. Bb7 Kf6 67. c8=Q Nxc8 68. Bxc8 1-0

[Event "*** Titled Tuesday Blitz"]
[Site "Chess.com"]
[Date "2019.06.04"]
[Round "5"]
[White "Pechen_Yeltsina"]
[Black "IMRosen"]
[Result "1-0"]
[WhiteElo "2690"]
[BlackElo "2522"]
[TimeControl "180+2"]
[EndTime "14:08:58 PDT"]
[Termination "Pechen_Yeltsina won by resignation"]

1. Nf3 Nc6 2. g3 e5 3. Bg2 f5 4.
O-O Nf6 5. d3 Bc5 6. e4 d6 7.
Nc3 O-O 8. Na4 Bb6 9. Nxb6 axb6 10. c3 Qe8 11. Nh4 Ne7 12. Nxf5 Nxf5 13. exf5 Bxf5 14. Bxb7 Bh3 15. Re1 Ng4 16. Be3 c6 17. Bxa8 Qxa8 18. f3 c5 19. Bg5 Rxf3 20. Re4 Qf8 21. Rf4 Rxf4 22. gxf4 Qa8 23. Qe2 h6 24. Be7 exf4 25. Qe4 Qxe4 26. dxe4 f3 27. Bh4 Kf7 28. Rd1 Ke6 29.
Bg3 Nf6 30. Rxd6+ Ke7 31. e5 Ne4 32. Rxb6 Bg2 33. Rg6 Kf7 34. Rg4 Ng5 35. Rxg5 hxg5 36. a4 Bh3 37. Kf2 Bd7 38. a5 Bc6 39. Ke3 Ke6 40.
b4 Kd5 41. a6 cxb4 42. cxb4 Kc4 43.
a7 Kd5 44. Kxf3 Bb7 45. Kg4 Ke6 46. Kxg5 Kf7 47. Kf5 g6+ 48. Kg5 Kg7 49. Bf2 Bg2 50. Bd4 Kf7 51. h4 Bf3 52. Bc5 Be4 53. b5 Ke6 54.
Bd6 Bb7 55. b6 Be4 56. Bc7 Kf7 57. Kf4 Bd5 58. Ke3 Ke6 59. Kd4 Bb7 60. Kc5 Kd7 61. Kb5 Ke6 62. a8=Q Bxa8 63. Ka6 Kd7 64. b7 Bxb7+ 65.
Kxb7 Ke6 66. Kc6 g5 67. hxg5 Kf5 68. Bd6 1-0

[Event "*** Titled Tuesday Blitz"]
[Site "Chess.com"]
[Date "2019.06.04"]
[Round "5"]
[White "LuckIsMySkill"]
[Black "MatthewG-p4p"]
[Result "1/2-1/2"]
[WhiteElo "2665"]
[BlackElo "2784"]
[TimeControl "180+2"]
[EndTime "14:08:59 PDT"]
[Termination "Game drawn by repetition"]

1. b4 c6 2. e3 Nf6 3. Bb2 a5 4.
b5 a4 5. Nf3 g6 6. Bxf6 exf6 7. c4 Bg7 8. Nc3 a3 9. Be2 O-O 10. O-O d6 11. Rb1 Nd7 12. d4 f5 13.
Rb3 Nb6 14. Qc1 Be6 15. bxc6 bxc6 16. Nd2 f4 17. Rxa3 fxe3 18. fxe3 c5 19. dxc5 dxc5 20. Rxa8 Qxa8 21. Bf3 Qa5 22. Nd5 Nd7 23. Qc2 Ne5 24. Nb3 Qa4 25. Be2 Ra8 26. Nc7 Qxa2 27. Rc1 Qxc2 28.
Rxc2 Rc8 29. Nxe6 fxe6 30. Kf2 Bh6 31. Bf3 Kf7 32. Ke2 Ke7 33. Be4 Ng4 34. Ra2 Rc7 35. Ra5 Nxe3 36. Rxc5 Rxc5 37. Nxc5 Nxc4 38. Bd3 Nb6 39.
Ne4 Nd5 40. g3 Nb4 41. Bc4 Nc6 42. Nd2 Bxd2 43. Kxd2 Kd6 44. Ke3 Ne5 45. Be2 Kd5 46. Bd1 g5 47. Bc2 h6 48. Bb3+ Kd6 49. Ke4 Ng4 50. h4 Nf6+ 51. Ke3 Ke5 52. Bc2 Nh5 53. Kf3 Nf6 54. hxg5 hxg5 55. Ke3 Nd7 56. Kf3 Kf6 57. Ke4 Ne5 58. Bd1 Nc4 59. Be2 Nd6+ 60. Kf3 Nf5 61. Bd3 Ke5 62. Kg4 Kf6 63. Bb1 Nd6 64. Bc2 Nc4 65.
Kf3 Ke5 66. Bd3 Nd6 67. Kg4 Kf6 68. Bb1 e5 69. Kf3 Nf5 70. Bd3 Nh6 71. Ke4 Ke6 72.
Bc4+ Kf6 73. Bd3 Nf7 74. Kd5 Nh6 75. Ke4 1/2-1/2

[Event "*** Titled Tuesday Blitz"]
[Site "Chess.com"]
[Date "2019.06.04"]
[Round "5"]
[White "josmito10"]
[Black "GadimbayliA"]
[Result "0-1"]
[WhiteElo "2757"]
[BlackElo "2855"]
[TimeControl "180+2"]
[EndTime "14:09:00 PDT"]
[Termination "GadimbayliA won by resignation"]

1. d4 e6 2. c4 b6 3. a3 Bb7 4.
Nc3 Nf6 5. Nf3 d5 6. Bg5 Be7 7. Qa4+ c6 8. cxd5 exd5 9. e3 O-O 10. Be2 Nbd7 11. O-O h6 12. Bh4 Re8 13. Rfd1 Nf8 14. Ne5 Ng6 15. Bxf6 Bxf6 16. Nxc6 Qd6 17. Nb4 a6 18.
Qb3 Bg5 19. Bf3 Ne7 20. Nbxd5 Rab8 21. Nxe7+ Qxe7 22. Bxb7 Rxb7 23. Qd5 Rd7 24. Qf3 Qe6 25. d5 Qe7 26. Rd3 Rd6 27. Rad1 g6 28. g3 f5 29. Ne2 Bf6 30. b4 Rc8 31. Nf4 Qe4 32. Kg2 g5 33. Ne6 g4 34. Qxe4 fxe4 35. Rb3 Rc2 36.
Nf4 Be5 37. Kf1 Kf7 38. Ne2 Ke7 39. Nd4 Rxd5 40. Nf5+ Ke6 41. Rxd5 Rc1+ 42. Kg2 Kxd5 43. b5 a5 44. a4 Kc4 45. Ra3 Bb2 46. Nd6+ Kb4 47. Ra2 Kb3 48. Rxb2+ Kxb2 49. Nxe4 Rc4 50. Nd6 Rxa4 51. f4 gxf3+ 52. Kxf3 Rb4 53. e4 a4 54.
e5 a3 55. e6 a2 56. e7 a1=Q 57. e8=Q Qf1+ 58. Ke3 Qe1+ 59. Kd3 Qd1+ 60. Ke3 Qxd6 61.
Qh8+ Ka2 62. Qa8+ Kb1 63. Qh1+ Kb2 64. Qg2+ Kb3 0-1

[Event "*** Titled Tuesday Blitz"]
[Site "Chess.com"]
[Date "2019.06.04"]
[Round "5"]
[White "colemman"]
[Black "TheRigos"]
[Result "0-1"]
[WhiteElo "2595"]
[BlackElo "2437"]
[TimeControl "180+2"]
[EndTime "14:09:03 PDT"]
[Termination "TheRigos won by checkmate"]

1. d4 Nf6 2. Nf3 g6 3. Nbd2 d5 4. e3 Bg7 5. b4 O-O 6. Bb2 a5 7. b5 Nbd7 8. c4 a4 9. Rc1 c6 10. Be2 Ne4 11. Nxe4 dxe4 12. Nd2 f5 13. O-O Nf6 14. Qc2 Be6 15. Ba3 Qc7 16. h3 Rfd8 17.
Rfd1 Bf7 18. Nf1 h5 19. Nd2 Kh7 20. Rb1 e5 21. bxc6 bxc6 22. Bc5 exd4 23. exd4 Nd7 24. Nf1 Nxc5 25. dxc5 Qe5 26. Rxd8 Rxd8 27. Qxa4 Qxc5 28.
Qc2 Bd4 29. Bd1 Qxc4 30. Rb7 Qxc2 31. Bxc2 Kg8 32. a4 Bc4 33. a5 Bc3 34. Ne3 Bb5 35. Bb3+ Kh8 36. Bf7 Bd4 37. Bxg6 Bxe3 38. fxe3 f4 39.
Kf2 Rd2+ 40. Ke1 Re2+ 41. Kd1 Rxe3 42. Bxh5 Ra3 43. Bg6 e3 44. Re7 e2+ 45. Kd2 Rxa5 46. h4 Ra2+ 47. Bc2 Ba4 48. Kxe2 Rxc2+ 49. Kf3 Rc4 50.
h5 Bd1+ 51. Kf2 Bxh5 52. Re5 Rc2+ 53. Kf1 Bg6 54. Re6 Kg7 55. Kg1 Bf5 56. Rd6 Be4 57. Kf1 Bxg2+ 58. Ke1 f3 59. Rd7+ Kf6 60. Rd8 f2+ 61.
Kd1 f1=Q+ 62. Kxc2 Be4+ 63. Kd2 Qf4+ 64. Kc3 Qe5+ 65. Kc4 Bd5+ 66. Kc5 Qc3+ 67. Kb6 Qb4+ 68. Kc7 Qa5+ 69. Kc8 Be6+ 70. Kb8 Qxd8+ 71. Kb7 Bd5 72.
Ka6 Ke6 73. Kb7 Kd6 74. Ka6 Qb8 75. Ka5 Qb5# 0-1

[Event "*** Titled Tuesday Blitz"]
[Site "Chess.com"]
[Date "2019.06.04"]
[Round "5"]
[White "Eliwood44"]
[Black "SanchezKelvin"]
[Result "1/2-1/2"]
[WhiteElo "2351"]
[BlackElo "2446"]
[TimeControl "180+2"]
[EndTime "14:09:06 PDT"]
[Termination "Game drawn - insufficient material"]

1. d4 Nf6 2. Nf3 c5 3. d5 e6 4. Nc3 d6 5. e4 exd5 6. exd5 Be7 7. Bb5+ Bd7 8. a4 O-O 9. h3 Na6 10. O-O Nc7 11. Re1 Bf5 12. Bd3 Bxd3 13. Qxd3 h6 14. Bf4 Qd7 15. Nd2 Rfe8 16. Nc4 Bf8 17. a5 Na6 18. Qd2 Nb4 19. Rad1 Rxe1+ 20. Rxe1 Re8 21. Rxe8 Nxe8 22. Ne4 Nc7 23. Ne3 f5 24. Ng3 g5 25.
Nexf5 gxf4 26. Qxf4 Nbxd5 27. Qg4+ Kh8 28. Qg6 Qe6 29.
Qh5 Nf4 30. Qf3 Nfd5 31. c4 Ne7 32. Nxe7 Qxe7 33. Qxb7 Ne6 34. a6 Nd4 35. Ne4 Qxb7 36. axb7 Nc6 37. Kf1 Kg7 38. f4 Kf7 39. g4 Ke6 40.
Ke2 Kd7 41. g5 Kc7 42. h4 Nd4+ 43. Kd3 Kxb7 44. gxh6 Bxh6 45. Nxd6+ Kc6 46. Nc8 a5 47. Ne7+ Kd6 48. Nd5 Nf5 49. h5 Ng7 50. Ke4 Nxh5 51. Kf5 Ng3+ 52. Kg6 Bf8 53. Kf7 Bh6 54. Kg6 Bxf4 55.
Nxf4 Ke5 56. Kg5 Ne4+ 57. Kg4 Nd2 58. Nd3+ Kd4 59. Nc1 Kxc4 60. Kf4 Nb3 61. Na2 Kd3 62. Ke5 c4 63. Kd5 Nd2 64. Kc5 Kc2 65. Nc3 Kxb2 66. Na4+ Kb3 67. Kb5 Ka3 68. Kxa5 Ne4 69.
Kb5 Kb3 70. Ka5 Nc3 71. Nb6 Na2 72. Nxc4 1/2-1/2

[Event "*** Titled Tuesday Blitz"]
[Site "Chess.com"]
[Date "2019.06.04"]
[Round "5"]
[White "KRASAVCHIK2002"]
[Black "Jahonas"]
[Result "1-0"]
[WhiteElo "2304"]
[BlackElo "2329"]
[TimeControl "180+2"]
[EndTime "14:09:17 PDT"]
[Termination "KRASAVCHIK2002 won by resignation"]

1. e4 c6 2. d4 d5 3. e5 Bf5 4. Nf3 e6 5. Be2 Nd7 6. O-O a6 7. c3 Ne7 8. Nbd2 Bg6 9. b4 Nf5 10. a4 a5 11. b5 c5 12. Ba3 c4 13. Bc1 h5 14. Re1 b6 15. Nf1 h4 16. Ne3 Rc8 17.
Nxf5 Bxf5 18. Nd2 Be7 19. Nf1 Nf8 20. Ne3 g6 21. Bg4 Kd7 22. Ba3 Bxa3 23. Rxa3 Qg5 24. Qf3 Ke7 25. Ra2 Nd7 26. Bh3 Be4 27. Qg4 Qxg4 28.
Nxg4 Bf5 29. f3 Rcg8 30. Nf2 Nf8 31. Bg4 g5 32. Rae2 Bg6 33. Nh3 Bd3 34. Re3 Ng6 35. Nf2 Nf4 36. g3 hxg3 37. hxg3 Ng6 38. Nxd3 cxd3 39. Rxd3 Rc8 40. Ra1 Rc4 41. Ra3 Rhc8 42. Kf2 Kf8 43. Bh3 Kg7 44. Bf1 R4c7 45. Ke3 f6 46. f4 fxe5 47. dxe5 Rf8 48. Rd4 Rcf7 49. Ra1 gxf4+ 50. gxf4 Rxf4 51. Be2 R4f5 52. Rg1 Rxe5+ 53. Kd3 Rff5 54. Rdg4 Rf6 55. R4g3 Kh6 56. Rh1+ Kg7 57.
Rhg1 Kf7 58. Bd1 Nf4+ 59. Kc2 Ke7 60. Rg7+ Rf7 61. Rxf7+ Kxf7 62. Rf1 Rf5 63. Kd2 Kf6 64. Bc2 Ke5 65. Bxf5 Kxf5 66. Rh1 e5 67. Rh6 Ne6 68. Rh5+ Ke4 69. Rh4+ Nf4 70. Rh6 d4 71. cxd4 Kxd4 72. Rxb6 e4 73. Rb8 e3+ 74. Ke1 Nd3+ 75. Ke2 Nf4+ 76. Kf3 e2 77. Re8 Kd3 78. Kxf4 1-0

[Event "*** Titled Tuesday Blitz"]
[Site "Chess.com"]
[Date "2019.06.04"]
[Round "5"]
[White "DivyaDeshmukh23"]
[Black "RaphCamora"]
[Result "1-0"]
[WhiteElo "2394"]
[BlackElo "2439"]
[TimeControl "180+2"]
[EndTime "14:09:35 PDT"]
[Termination "DivyaDeshmukh23 won on time"]

1. e4 c5 2. Nf3 Nc6 3. d4 cxd4 4.
Nxd4 Nf6 5. Nc3 e5 6. Ndb5 d6 7. Bg5 a6 8. Na3 b5 9. Nd5 Be7 10. Bxf6 Bxf6 11. c3 Bg5 12. Nc2 Rb8 13. Nce3 Bxe3 14.
Nxe3 O-O 15. Bd3 Be6 16. O-O a5 17. Qe2 b4 18. Nd5 Bxd5 19. exd5 Ne7 20. c4 f5 21. a3 Ng6 22. g3 e4 23. Bc2 Ne5 24. axb4 Rxb4 25. b3 Nf3+ 26. Kg2 Qg5 27. Rh1 Qh5 28. Rxa5 Qg4 29. h3 Qg6 30. Ra7 Rfb8 31. Qe3 R4b7 32. Rxb7 Rxb7 33. Ra1 h5 34. Qf4 Nd4 35. Bd1 Kh7 36.
Qh4 Qh6 37. Rb1 g5 38. Qxh5 Qxh5 39. Bxh5 Rxb3 40. Rxb3 Nxb3 41. Bf7 Kg7 42. Be6 Kf6 43.
h4 g4 44. h5 Nd2 45. h6 Kg6 46. Bxf5+ Kxh6 47. Bxg4 Nxc4 48. Bf5 e3 49. Kf3 exf2 50. Kxf2 Kg5 51. Bd3 Ne5 52. Be4 Kg4 53. Bc2 Kg5 54. Bd1 Kf5 55. Ke3 Nd7 56. Kd4 Nf6 57. Kc4 Ke5 58. Bf3 Nh7 59. Kb5 Ng5 60.
Bg2 Nf7 61. Kc6 Ng5 62. Kd7 Nh7 63. Bf3 Ng5 64. Bh1 Nh7 65. Bg2 Ng5 66. Ke7 Nh7 67.
g4 Ng5 68. Bh1 Nh3 69. Kf7 Ng5+ 70. Kg6 Nh3 71. Bf3 Kf4 72. Bd1 Ke5 73. Bb3 Nf4+ 74. Kh6 Nd3 75. g5 Nc5 76. Ba2 Nd7 77. g6 Nf6 78. g7 Ng8+ 79. Kh7 Nf6+ 80. Kh8 1-0

[Event "*** Titled Tuesday Blitz"]
[Site "Chess.com"]
[Date "2019.06.04"]
[Round "5"]
[White "DiogenesSinopeus"]
[Black "dopolian"]
[Result "1/2-1/2"]
[WhiteElo "2429"]
[BlackElo "2256"]
[TimeControl "180+2"]
[EndTime "14:09:37 PDT"]
[Termination "Game drawn by stalemate"]

1. d4 Nf6 2. c4 c5 3. d5 e6 4. Nc3 exd5 5. cxd5 d6 6. g3 g6 7. Bg2 Bg7 8. Nf3 O-O 9. O-O a6 10. a4 Re8 11. Bf4 Ne4 12. Nxe4 Rxe4 13. Nd2 Rxf4 14.
gxf4 Bxb2 15. Rb1 Bg7 16. Nc4 b5 17. axb5 axb5 18. Rxb5 Ba6 19. Ra5 Nd7 20. Qa4 Bb7 21. Rxa8 Bxa8 22. Nxd6 Nf6 23. e4 Bxd5 24. exd5 Qxd6 25.
Qa8+ Bf8 26. Qc6 Qxf4 27. h3 Bd6 28. Ra1 Kg7 29. Qa4 Qh2+ 30. Kf1 Qe5 31. Re1 Qc3 32. Qa6 Be5 33. d6 Qd4 34. Qe2 Bxd6 35. Rd1 Qe5 36.
Qd3 Bc7 37. Rc1 h5 38. Qb5 Bd6 39. Qc6 Qd4 40. Bf3 Qf4 41. Rd1 Be5 42. Bg2 Bd4 43.
Qf3 Qxf3 44. Bxf3 Nd7 45. Bd5 Ne5 46. Rb1 c4 47. f4 Nd3 48. Rb7 c3 49. Bxf7 Nc5 50.
Rc7 Kf6 51. Rxc5 Bxc5 52. Bb3 Kf5 53. Bc2+ Kf6 54. Kg2 Be3 55. Kf3 Bd2 56. Bd3 g5 57. f5 Ke5 58. Bc2 Bf4 59. Bb1 Kd4 60. h4 Ke5 61.
hxg5 Bxg5 62. Bc2 h4 63. Kg4 Bf6 64. Kh3 Kf4 65. Bb3 Ke3 66. Kg4 Kd2 67. Kh3 c2 68. Bxc2 Kxc2 69. Kh2 Kd3 70. Kh1 Ke3 71. Kh2 Kf3 72.
Kh3 Kf2 73. Kh2 Kf3 74. Kh3 Bg5 75. f6 Kf2 76. f7 Be7 77. Kh2 Kf3 78. Kh3 Kf4 79.
f8=Q+ Bxf8 80. Kh2 Kg4 81. Kh1 Kh3 82. Kg1 Bd6 83. Kh1 Bc5 1/2-1/2

[Event "*** Titled Tuesday Blitz"]
[Site "Chess.com"]
[Date "2019.06.04"]
[Round "5"]
[White "champ2005"]
[Black "MITerryble"]
[Result "1/2-1/2"]
[WhiteElo "2829"]
[BlackElo "2777"]
[TimeControl "180+2"]
[EndTime "14:10:06 PDT"]
[Termination "Game drawn by repetition"]

1. d4 e6 2. c4 Bb4+ 3. Bd2 Qe7 4. e4 Nf6 5. Bd3 d5 6. cxd5 exd5 7. e5 Nfd7 8. Nf3 Bxd2+ 9. Nbxd2 c5 10. O-O Nc6 11.
Re1 O-O 12. Rc1 c4 13. Bb1 Re8 14. Nf1 Nf8 15. Ne3 Be6 16. Rf1 b5 17. Ne1 Qb4 18.
f4 Qxb2 19. f5 Qxd4 20. Qxd4 Nxd4 21. fxe6 fxe6 22. Rd1 Ne2+ 23. Kf2 Nc3 24. Rc1 d4 25. N3c2 Ne4+ 26. Ke2 d3+ 27. Nxd3 cxd3+ 28. Kxd3 Nc5+ 29.
Ke3 Ncd7 30. Nd4 a6 31. Nf3 Nb6 32. Rc6 Nc4+ 33. Ke2 Rec8 34. Rxc8 Rxc8 35. Rd1 Rc5 36. Rd8 Nxe5 37. Ng5 Ng6 38. Nxh7 Kxh7 39. Rxf8 Kh6 40.
Ra8 Rc6 41. Be4 Rd6 42. g3 Ne5 43. h4 g6 44. Bb7 Rb6 45. Bxa6 Nc6 46. g4 Ne5 47. g5+ Kh5 48. Rh8+ Kg4 49. Bc8 Rc6 50.
Ke3 Kg3 51. h5 gxh5 52. Bb7 Rc7 53. Be4 h4 54. g6 Rg7 55. Rh7 Rg8 56. g7 h3 57. Kd4 Ng4 58. Bc6 h2 59. Kc5 Nf6 60. Rh6 Ng4 61. Rh7 Ne5 62. Be4 Nf7 63. Bc6 Ng5 64.
Rh5 Rxg7 65. Kxb5 Nh3 66. a4 Rg5+ 67. Rxg5+ Nxg5 68. Bh1 e5 69. a5 e4 70. a6 e3 71. a7 Ne6 72. Kb6 e2 73. a8=Q e1=Q 74. Qg2+ Kf4 75. Qxh2+ Kg5 76. Qg2+ Kf6 77. Qf3+ Ke7 78.
Qb7+ Kf8 79. Qf3+ Kg7 80. Qg2+ Kf6 81. Qf3+ Kg5 82. Qd5+ Kh6 83. Qd6 Kg5 84. Qd5+ Kf6 85. Qf3+ 1/2-1/2

[Event "*** Titled Tuesday Blitz"]
[Site "Chess.com"]
[Date "2019.06.04"]
[Round "5"]
[White "mitrabhaa"]
[Black "Astaneh"]
[Result "0-1"]
[WhiteElo "2695"]
[BlackElo "2581"]
[TimeControl "180+2"]
[EndTime "14:10:17 PDT"]
[Termination "Astaneh won by resignation"]

1. Nf3 Nf6 2. d4 b6 3. Bf4 Bb7 4. e3 e6 5. Nbd2 Bd6 6. Bg3 O-O 7. Bd3 Re8 8. c3 Nc6 9. Nc4 Bf8 10. O-O b5 11. Ncd2 a6 12. e4 d6 13. h3 e5 14. Re1 Nh5 15. Bh2 Qf6 16. d5 Nb8 17. Nf1 Nd7 18. Ne3 Nf4 19. Bc2 Qg6 20. Kh1 Nf6 21. Nh4 Nxe4 22. Qf3 Ng5 23. Qg3 Qf6 24. Nhf5 Nxd5 25. Ng4 Qd8 26. h4 Nf4 27. hxg5 Bxg2+ 28. Kg1 Bb7 29. Nge3 Qxg5 30. Qxg5 Nh3+ 31. Kf1 Nxg5 32.
Bg3 g6 33. Nh4 f5 34. f4 Ne4 35. Bxe4 Bxe4 36. Kf2 Bh6 37. Neg2 exf4 38. Bh2 g5 39.
Nf3 Bxf3 40. Kxf3 g4+ 41. Kf2 g3+ 42. Bxg3 fxg3+ 43. Kxg3 Re5 44. Rf1 Kf7 45. Kf3 Rg8 46.
Rh1 Rg6 47. Rh5 f4 48. Rh3 Reg5 49. Rh2 Rg3+ 50. Kf2 Kg8 51. Nh4 Rf6 52. Re1 Bg5 53. Nf3 h6 54. Re8+ Rf8 55. Re6 Kf7 56. Re4 Re8 57. Rd4 Re3 58. Nd2 Ke6 59. Nf1 Rgf3+ 60. Kg2 Rd3 61. Re4+ Kf5 62. Re2 Kg4 63. Rh1 Kf5 64.
Rh5 c5 65. Rh1 a5 66. Re8 b4 67. cxb4 axb4 68. Re2 c4 69. Nd2 Rg3+ 70. Kf2 d5 71. Nf1 Rgf3+ 72. Ke1 c3 73. bxc3 bxc3 74. Rc2 d4 75. a4 Rfe3+ 76. Nxe3+ dxe3 77. Ke2 Ke4 78. Rf1 Rd2+ 79. Rxd2 cxd2 80. Rb1 f3+ 81. Kd1 e2+ 82. Kc2 e1=Q 83. Rxe1+ dxe1=Q 0-1